 Dungeon Crawl Stone Soup version 0.25.1-2-g60ff931df9 (webtiles) character file.

Game seed: 13735947713159747781

3427 Morbidden the Magician (level 9, -2/73 (74) HPs)
             Began as a Pale Draconian Conjurer on July 30, 2020.
             Was a Priest of Cheibriados.
             Slain by a polar bear (15 damage)
             ... on level 8 of the Dungeon.
             The game lasted 00:15:14 (9088 turns).

Morbidden the Magician (Pale Draconian Conjurer)    Turns: 9088, Time: 00:15:15

HP:   -2/73 (74)    AC:  8    Str: 17    XL:     9   Next: 76%
MP:   16/20         EV: 15    Int: 24    God:    Cheibriados [***...]
Gold: 530           SH:  0    Dex: 21    Spells: 20/23 levels left

rFire    . . .     SeeInvis .     - Unarmed
rCold    + . .     Gourm    .   (no shield)
rNeg     . . .     Faith    +   (armour unavailable)
rPois    +         Spirit   .   (helmet restricted)
rElec    +         Reflect  .   (no cloak)
rCorr    .         Harm     .   i - +0 pair of gloves
MR       .....                  (no boots)
Stlth    +++.......             u - amulet of Regeqet {Faith Dex+2}
HPRegen  0.22/turn              g - ring of poison resistance
MPRegen  0.17/turn              o - ring of protection from cold

@: short of breath, very slow
A: breathe steam, unfitting armour, deterioration 1, dopey 1, electricity
resistance, cold-blooded, AC +7
a: Breathe Steam, Bend Time, Temporal Distortion, Renounce Religion


You were on level 8 of the Dungeon.
You worshipped Cheibriados.
Cheibriados was most pleased with you.
You were hungry.

You visited 1 branch of the dungeon, and saw 8 of its levels.

You collected 530 gold pieces.

Inventory:

Missiles
 h - 20 poisoned darts (quivered)
Armour
 i - a +0 pair of gloves (worn)
Jewellery
 g - a ring of poison resistance (left hand)
 j - an uncursed amulet of guardian spirit {unknown}
 o - a ring of protection from cold (right hand)
 t - an uncursed ring of see invisible
 u - the amulet of Regeqet (around neck) {Faith Dex+2}
   (You found it on level 4 of the Dungeon)

   [amulet of faith]

   It allows you to gain divine favour quickly.
   It affects your dexterity (+2).
Wands
 p - a wand of random effects (41)
 y - a wand of iceblast (7)
 D - a wand of polymorph (12)
Scrolls
 a - 4 scrolls of immolation
 e - 2 scrolls of enchant weapon {unknown}
 f - 2 scrolls of fear
 k - a scroll of fog {unknown}
 l - 2 scrolls of magic mapping
 n - 4 scrolls of remove curse {unknown}
 q - 5 scrolls of teleportation {unknown}
 r - 2 scrolls of noise {unknown}
 v - 2 scrolls of amnesia
 w - 2 scrolls of blinking {unknown}
 x - 2 scrolls of enchant armour {unknown}
 A - 2 scrolls of identify
Potions
 c - 2 potions of flight
 d - 3 potions of curing
 m - a potion of brilliance {unknown}
 s - a potion of lignification {unknown}
 B - a potion of invisibility {unknown}
 C - a potion of ambrosia {unknown}
 E - a potion of stabbing {unknown}
Comestibles
 b - 12 rations
 z - 3 chunks of flesh


   Skills:
 * Level 5.5 Fighting
 + Level 2.1 Throwing
 + Level 4.1 Dodging
 + Level 4.2 Stealth
 + Level 4.0 Unarmed Combat
 * Level 7.7 Spellcasting
 + Level 6.6 Conjurations
 * Level 3.8 Invocations


You had 20 spell levels left.
You knew the following spells:

 Your Spells              Type           Power        Failure   Level  Hunger
a - Magic Dart            Conj           ####         1%          1    None
b - Searing Ray           Conj           #####.       1%          2    None

Your spell library contained the following spells:

 Spells                   Type           Power        Failure   Level  Hunger
 Dazzling Flash           Conj/Hex       ####..       4%          3    None
 Corona                   Hex            #......      7%          1    None
 Slow                     Hex            #.......     10%         2    None
 Fulminant Prism          Conj/Hex       ####......   17%         4    ###....
 Iskenderun's Mystic Bla  Conj/Tloc      ####....     17%         4    ###....
 Inner Flame              Hex/Fire       #.......     21%         3    None
 Portal Projectile        Hex/Tloc       #.....       21%         3    None
 Cause Fear               Hex            #.........   54%         4    ###....
 Leda's Liquefaction      Hex/Erth       #.........   54%         4    ###....


Dungeon Overview and Level Annotations

Branches:
Dungeon (8/15)             Temple (0/1) D:6
   Lair: D:8-11

Altars:
Cheibriados
Dithmenos
Gozag
Hepliaklqana
Kikubaaqudgha
Okawaru
Ru
Sif Muna
Trog
Wu Jian
Yredelemnul


Innate Abilities, Weirdness & Mutations

You can breathe blasts of scalding, opaque steam.
Your pale cyan-grey scales are hard. (AC +7)
You cannot fit into any form of body armour.
You are cold-blooded and may be slowed by cold attacks.
Your body sometimes deteriorates upon taking damage.
You are dopey. (Int -2)
You are resistant to electric shocks. (rElec)


Message History

The polar bear is heavily wounded.
The polar bear is engulfed in a cloud of scalding steam.
The polar bear goes berserk!
Unknown command.
You barely miss the polar bear.
The polar bear is severely wounded.
The polar bear misses you. The polar bear barely misses you.
The polar bear claws you but does no damage.
The polar bear barely misses you. x2
The polar bear claws you but does no damage.
You barely miss the polar bear.
The polar bear is severely wounded.
The polar bear bites you!
* * * LOW HITPOINT WARNING * * *
The polar bear barely misses you. The polar bear misses you.
Unknown command.
You closely miss the polar bear.
The polar bear is severely wounded.
The polar bear bites you!
You die...

#≈≈≈.≈≈≈...........).§....#
#≈≈≈≈≈..≈..........#§§§...#
#.≈≈≈≈≈≈.........†[#......#
#≈≈.≈≈≈≈.#######...#......#
..≈..≈≈≈≈≈. ##'###......h
..≈..≈≈≈... #....#.......
..≈..≈≈≈≈≈. #....#.....8.
..÷.≈≈.≈≈≈. #.h..#.......
..≈....≈≈≈. #.@..#
..≈....≈... #....#
..≈.∩..≈... #....#
..≈...≈≈.≈. #..###
#.≈..≈≈≈.≈#####..####+.
#.≈≈...≈≈≈#....÷........
.≈≈≈≈..≈.≈#.............
.≈≈.≈..≈..#.............
#≈.≈≈≈≈≈..'.............


You could see a polar bear (berserk).

Vanquished Creatures
  Pikel (D:5)
  A polar bear (D:8)
  Prince Ribbit (D:8)
  A yak (D:8)
  Grum (D:8)
  An orc warrior (D:7)
  2 slaves (D:5)
  2 sky beasts (D:8)
  A necrophage (D:7)
  2 ogres
  4 wolves (D:8)
  2 centaurs
  Blork the orc (D:4)
  2 bullfrogs
  A scorpion (D:8)
  2 howler monkeys
  3 electric eels (D:8)
  2 crimson imps
  A quasit (D:3)
  2 hounds
  A centaur skeleton (D:4)
  2 orc priests
  A gnoll shaman (D:7)
  2 iguanas
  An orc wizard (D:2)
  4 worker ants
  A killer bee zombie (D:5)
  A hound skeleton (D:8)
  Robin (D:2)
  A worker ant zombie (D:5)
  5 gnolls (D:7)
  10 adders
  9 white imps (D:8)
  A worker ant simulacrum (D:8)
  2 ufetubi (D:8)
  An ooze (D:3)
  2 worms
  A dart slug (D:1)
  An adder simulacrum (D:8)
  3 leopard geckos
  17 orcs
  7 bats
  5 giant cockroaches
  11 hobgoblins
  2 jackals (D:1)
  4 quokkas
  3 frilled lizards
  17 goblins
  11 kobolds
  5 rats
165 creatures vanquished.

Notes
Turn   | Place    | Note
-------+----------+-------------------------------------------
     0 | D:1      | Morbidden the Draconian Conjurer began the quest for the
                  | Orb.
     0 | D:1      | Reached XP level 1. HP: 14/14 MP: 3/3
   399 | D:1      | Reached XP level 2. HP: 19/20 MP: 0/5
   676 | D:1      | Learned a level 2 spell: Searing Ray
   939 | D:1      | Reached XP level 3. HP: 26/26 MP: 4/6
  2013 | D:2      | Found a sacrificial altar of Ru.
  2013 | D:2      | Noticed Robin
  2047 | D:2      | Gained mutation: Your body sometimes deteriorates upon
                  | taking damage. [potion of mutation]
  2047 | D:2      | Gained mutation: You are dopey. (Int -2) [potion of
                  | mutation]
  2047 | D:2      | Gained mutation: You are resistant to electric shocks.
                  | (rElec) [potion of mutation]
  2053 | D:2      | Reached skill level 1 in Fighting
  2053 | D:2      | Reached XP level 4. HP: 23/35 MP: 0/8
  2092 | D:2      | Killed Robin
  2092 | D:2      | Reached skill level 1 in Unarmed Combat
  2938 | D:3      | Reached skill level 3 in Spellcasting
  3005 | D:3      | Reached XP level 5. HP: 40/40 MP: 2/9
  3510 | D:3      | Reached skill level 5 in Conjurations
  3951 | D:4      | Reached skill level 1 in Throwing
  4034 | D:4      | You fall into a shaft and drop 1 floor!
  4034 | D:5      | Entered Level 5 of the Dungeon
  4036 | D:5      | Reached XP level 6. HP: 48/48 MP: 8/11
  4144 | D:4      | Got a twitching bone amulet
  4145 | D:4      | Identified the amulet of Regeqet {Faith Dex+2} (You found
                  | it on level 4 of the Dungeon)
  4230 | D:4      | Found an ornate altar of the Wu Jian Council.
  4239 | D:4      | Found a basalt altar of Yredelemnul.
  4247 | D:4      | Found a shimmering blue altar of Sif Muna.
  4247 | D:4      | Found a bloodstained altar of Trog.
  4266 | D:4      | Found an iron altar of Okawaru.
  4635 | D:5      | Noticed Blork the orc
  4690 | D:4      | Killed Blork the orc
  4690 | D:4      | Reached skill level 4 in Spellcasting
  5179 | D:5      | Found a shadowy altar of Dithmenos.
  5183 | D:5      | Found an opulent altar of Gozag.
  5494 | D:5      | Your scales start taking on a pale cyan-grey colour.
  5494 | D:5      | Reached XP level 7. HP: 56/56 MP: 10/13
  5522 | D:5      | Noticed Pikel
  5556 | D:5      | Killed Pikel
  5556 | D:5      | Reached skill level 5 in Spellcasting
  5892 | D:5      | Reached XP level 8. HP: 66/66 MP: 14/16
  5950 | D:5      | Found a snail-covered altar of Cheibriados.
  5974 | D:5      | Became a worshipper of Cheibriados the Contemplative
  6301 | D:6      | Found a staircase to the Ecumenical Temple.
  6412 | D:6      | Found an ancient bone altar of Kikubaaqudgha.
  6709 | D:6      | Reached skill level 1 in Invocations
  7006 | D:7      | Reached * piety under Cheibriados
  7468 | D:7      | Reached skill level 6 in Spellcasting
  7785 | D:7      | Found a hazy altar of Hepliaklqana.
  8016 | D:8      | Reached ** piety under Cheibriados
  8028 | D:8      | Reached XP level 9. HP: 61/71 MP: 15/18
  8340 | D:8      | Reached skill level 5 in Fighting
  8375 | D:8      | Noticed Grum
  8387 | D:8      | Killed Grum
  8387 | D:8      | Reached skill level 7 in Spellcasting
  8740 | D:8      | Reached *** piety under Cheibriados
  8856 | D:8      | Noticed Prince Ribbit
  8861 | D:8      | Killed Prince Ribbit
  9057 | D:8      | Noticed a polar bear
  9057 | D:8      | Noticed a polar bear
  9077 | D:8      | Killed a polar bear
  9088 | D:8      | Slain by a polar bear

Illustrated notes

Levels and vault maps discovered:
D:1:      dpeg_arrival_long_road, layout_basic
D:2:      layout_basic, nicolae_ru_great_annihilating_truth, uniq_robin
D:3:      layout_loops_ring
D:4:      layout_cave_pools, minmay_overflow_temple_star_hex
D:5:      layout_layer_cave, kennysheep_mini, grunt_temple_overflow_open,
          first_ration, uniq_blork_the_orc, uniq_pikel
D:6:      corexii_shack_village, layout_loops_corners, lemuel_doored_altar,
          minmay_temple_entry_offerings
D:7:      layout_loops_ring, kennysheep_little_box
D:8:      layout_gridville, serial_ice, serial_ice_d, serial_ice_j,
          serial_ice_f, serial_ice_a, serial_ice_b, serial_ice_e, serial_ice_o,
          serial_ice_c, serial_ice_n, serial_ice_h, uniq_grum,
          uniq_prince_ribbit1

Skill      XL: |  1  2  3  4  5  6  7  8  9 |
---------------+----------------------------+-----
Dodging        | 2 3 4 |  4.1
Fighting       | 1 2 3 4 5 |  5.5
Stealth        | 2 3 4 |  4.2
Unarmed Combat | 1 2 3 4 |  4.0
Spellcasting   | 3 4 5 6 7 |  7.7
Conjurations   | 5 6 |  6.6
Throwing       | 1 2 |  2.1
Invocations    | 2 3 |  3.8

Action                   |  1- 3 |  4- 6 |  7- 9 || total
-------------------------+-------+-------+-------++-------
Melee: Unarmed           |    70 |    42 |    40 ||   152
       Tailslap          |    11 |     5 |     7 ||    23
       Punch             |       |       |     1 ||     1
Throw: Dart              |    12 |     3 |     2 ||    17
 Cast: Magic Dart        |    59 |    57 |    50 ||   166
       Searing Ray       |     3 |    22 |    29 ||    54
 Abil: Breathe Steam     |       |       |    43 ||    43
  Use: Scroll            |     2 |     8 |       ||    10
       Potion            |     3 |     2 |       ||     5
  Eat: Chunk             |     5 |     8 |    12 ||    25
       Ration            |       |     1 |       ||     1
Armor: Skin              |    25 |    20 |    45 ||    90
Dodge: Dodged            |    63 |    43 |    83 ||   189
